Devils vs Bears
(R1)
Created - November 4, 2023 at 21:50
Goals
|
| Devils |
1 |
2 |
0 |
3 |
| Bears |
1 |
3 |
2 |
6 |
|
Shots
|
| Devils |
6 |
13 |
9 |
28 |
| Bears |
7 |
19 |
13 |
39 |
|
1st period
1. Bears , Joshua Leivo 5 (A.J. Jenks 8, Christian Dvorak 4) at 3:02
2. Devils , Valeri Nichushkin 5 (Joonas Donskoi 6, Brett Seney 11) at 19:24
Penalties :
Eeli Tolvanen (Bin) for Hooking (Minor) at 5:07, Vincent Desharnais (Bin) for Holding Stick (Minor) at 15:53
2nd period
3. Devils , Alexandre Texier 3 (Vincent Desharnais 1) at 5:39
4. Bears , Austin Wuthrich 4 (Cole Smith 4, Gianluca Curcuruto 4) at 13:44
5. Bears , Nicolas Aube-Kubel 4 (Kerby Rychel 10, Sam Carrick 6) at 13:54
6. Devils , Brett Seney 6 (Valeri Nichushkin 5, Joonas Donskoi 7) at 16:09 (PP)
7. Bears , Sam Carrick 7 (Kerby Rychel 11) at 18:55
Penalties :
Darren Dietz (Bin) for Hooking (Minor) at 8:03, Nicolas Aube-Kubel (Her) for Goalie Interference (Minor) at 15:07, Conor Garland (Bin) for Roughing (Minor) at 19:14
3rd period
8. Bears , Kerby Rychel 7 (Sam Carrick 7) at 6:06 (PP)
9. Bears , Cole Smith 5 (Gianluca Curcuruto 5) at 11:06
Penalties :
Darren Dietz (Bin) for Holding Stick (Minor) at 6:03, Gianluca Curcuruto (Her) for Unsportsmanlike conduct (Minor) at 7:56, Alan Quine (Bin) for Interference (Minor) at 14:11, Joonas Donskoi (Bin) for Roughing (Minor) at 19:10
Goalie Stats
Jordan Binnington (Bin), 33 saves from 39 shots - (0.846), L, 0-1-0, 60:00 minutes
Jake Allen (Her), 25 saves from 28 shots - (0.893), W, 7-3-0, 60:00 minutes
Players Stats for Devils
Player Name G A P +/- PIM S H SB GA TA FO MP PP MP PK MP
------------------------------------------------------------------------------------
Alan Quine 0 0 0 -1 2 1 0 1 0 0 7/13 16:32 1:12 3:20
Alexandre Texier 1 0 1 0 0 2 0 0 1 0 0/0 8:52 0:00 0:00
Brett Howden 0 0 0 0 0 2 0 0 0 1 1/7 11:05 0:00 0:11
Brett Seney 1 1 2 -2 0 5 1 1 0 1 9/30 22:41 1:49 6:11
Christian Wolanin 0 0 0 -3 0 0 0 4 0 1 0/0 25:10 1:52 6:27
Conor Garland 0 0 0 -1 2 0 1 0 0 0 0/0 12:56 1:12 0:00
Cristiano Digiacinto 0 0 0 0 0 0 1 0 1 0 0/0 10:30 0:00 1:37
Darren Dietz 0 0 0 -4 4 4 2 3 1 0 0/0 26:15 1:52 5:12
Eeli Tolvanen 0 0 0 0 2 0 2 0 0 0 0/0 10:37 0:00 0:00
Filip Roos 0 0 0 -1 0 0 0 0 0 0 0/0 2:20 0:00 0:00
Jake Bean 0 0 0 1 0 1 1 0 0 1 0/0 20:30 1:09 4:20
Jonny Brodzinski 0 0 0 0 0 2 2 0 1 0 0/0 10:38 0:00 0:00
Joonas Donskoi 0 2 2 -2 2 3 1 2 0 0 0/0 16:16 1:49 0:00
Marcus Bjork 0 0 0 0 0 0 1 1 0 1 0/0 12:47 0:00 0:47
Mason Marchment 0 0 0 -1 0 0 0 0 1 0 0/0 16:14 1:12 3:02
Nicolas Roy 0 0 0 0 0 3 0 0 1 0 3/5 9:57 0:00 1:05
Valeri Nichushkin 1 1 2 -2 0 5 3 0 0 0 1/1 22:38 1:49 6:08
Vincent Desharnais 0 1 1 0 2 0 2 1 0 0 0/0 12:38 0:00 0:28
Wyatt Kalynuk 0 0 0 1 0 0 0 1 0 1 0/0 20:30 1:09 4:20
Players Stats for Bears
Player Name G A P +/- PIM S H SB GA TA FO MP PP MP PK MP
------------------------------------------------------------------------------------
A.J. Jenks 0 1 1 1 0 4 1 0 0 0 0/0 17:59 4:51 0:31
Adam Lowry 0 0 0 0 0 2 2 1 0 0 5/11 11:43 0:13 0:46
Austin Wuthrich 1 0 1 2 0 2 2 1 0 0 0/1 10:42 0:12 0:00
Christian Dvorak 0 1 1 1 0 2 2 0 0 0 5/7 11:47 0:00 0:00
Cole Smith 1 1 2 2 0 3 0 0 0 0 0/0 9:58 0:00 0:00
Emil Johansson 0 0 0 2 0 1 0 0 0 0 0/0 14:17 0:00 1:05
Gianluca Curcuruto 0 2 2 0 2 2 2 0 1 1 0/0 25:20 4:15 0:22
Jacob Bryson 0 0 0 1 0 1 0 0 0 1 0/0 19:26 6:32 0:41
Jesper Pettersson 0 0 0 1 0 2 0 0 0 0 0/0 13:41 0:00 0:59
Joshua Leivo 1 0 1 1 0 2 0 1 0 0 0/1 17:42 4:51 0:44
Kerby Rychel 1 2 3 0 0 3 1 1 0 0 2/2 21:09 5:38 1:46
Logan O'Connor 0 0 0 0 0 2 0 0 0 1 0/0 10:07 0:00 0:00
Michael Prapavessis 0 0 0 2 0 3 0 2 1 1 0/0 20:37 4:15 1:15
Nicolas Aube-Kubel 1 0 1 0 2 4 1 0 0 0 0/2 19:38 5:44 0:29
Nikolay Prokhorkin 0 0 0 0 0 1 0 0 0 0 0/0 10:58 0:18 0:00
Sam Carrick 1 2 3 0 0 2 0 0 1 0 19/27 20:58 5:44 1:46
Tommy Vannelli 0 0 0 0 0 2 0 1 2 1 0/0 26:10 6:32 1:40
Vincent Dunn 0 0 0 2 0 1 5 0 1 1 4/5 14:45 4:50 0:00
3 Stars
1 - Kerby Rychel (Her)
2 - Cole Smith (Her)
3 - Sam Carrick (Her)
Power Play
Devils - 1 on 2 Attempt(s) - 50.00%
Bears - 1 on 7 Attempt(s) - 14.29%
Penalty Kill
Devils - 6 on 7 Attempt(s) - 85.71%
- Score 0 goal in Penalty Kill
Bears - 1 on 2 Attempt(s) - 50.00%
- Score 0 goal in Penalty Kill
Team Stat
Devils - Hits : 17 - Faceoff Wins : 21 - Blocked Shots : 14 - Penalty Minutes : 14
Bears - Hits : 16 - Faceoff Wins : 35 - Blocked Shots : 7 - Penalty Minutes : 4
Official
Referees : Frederick L'Ecuyer and Dan O'Rourke
Linesman : Bevan Mills and Travis Gawryletz
Game Notes
No Game Note
Finance
Level 1 -- Attendance: 1872 (93.60%) -- Ticket Income $131,040
Level 2 -- Attendance: 860 (86.00%) -- Ticket Income $34,400
Total Attendance: 2732 (91.07%)
Total Ticket Income: $165,440
Other Income: $8,272
Total Income: $173,712
Devils
5 vs 5 Forward
Center Left Wing Right Wing Time % Phy DF OF
1 Brett Seney Valeri Nichushkin Joonas Donskoi 36 0 2 3
2 Alan Quine Mason Marchment Conor Garland 30 0 2 3
3 Brett Howden Eeli Tolvanen Jonny Brodzinski 20 0 2 3
4 Nicolas Roy Cristiano Digiacinto Alexandre Texier 14 0 2 3
5 vs 5 Defense
Defense Defense Time % Phy DF OF
1 Darren Dietz Christian Wolanin 40 0 3 2
2 Jake Bean Wyatt Kalynuk 30 0 3 2
3 Marcus Bjork Vincent Desharnais 20 0 3 2
4 Filip Roos Darren Dietz 10 0 3 2
PowerPlay Forward
Center Left Wing Right Wing Time % Phy DF OF
1 Brett Seney Valeri Nichushkin Joonas Donskoi 60 0 1 4
2 Alan Quine Mason Marchment Conor Garland 40 0 1 4
PowerPlay Defense
Defense Defense Time % Phy DF OF
1 Darren Dietz Christian Wolanin 60 0 2 3
2 Jake Bean Wyatt Kalynuk 40 0 2 3
Penalty Kill 4 Players Forward
Center Wing Time % Phy DF OF
1 Brett Seney Valeri Nichushkin 60 1 3 1
2 Alan Quine Mason Marchment 40 1 3 1
Penalty Kill 4 Players Defense
Defense Defense Time % Phy DF OF
1 Darren Dietz Christian Wolanin 60 1 4 0
2 Jake Bean Wyatt Kalynuk 40 1 4 0
Penalty Kill - 3 Players Forward
Forward Time % Phy DF OF
1 Brett Seney 60 0 4 1
2 Alan Quine 40 0 4 1
Penalty Kill - 3 Players Defense
Defense Defense Time % Phy DF OF
1 Darren Dietz Christian Wolanin 60 0 5 0
2 Jake Bean Wyatt Kalynuk 40 0 5 0
4 vs 4 Forward
Center Wing Time % Phy DF OF
1 Brett Seney Valeri Nichushkin 60 0 2 3
2 Alan Quine Mason Marchment 40 0 2 3
4 vs 4 Defense
Defense Defense Time % Phy DF OF
1 Darren Dietz Christian Wolanin 60 0 3 2
2 Jake Bean Wyatt Kalynuk 40 0 3 2
Last Minutes Offensive
Center Left Wing Right Wing Defense Defense
Brett Seney Valeri Nichushkin Joonas Donskoi Darren Dietz Christian Wolanin
Last Minutes Defensive
Center Left Wing Right Wing Defense Defense
Brett Seney Valeri Nichushkin Joonas Donskoi Darren Dietz Christian Wolanin
Goaltenders
Starting : Jordan Binnington
Backup : Juuse Saros
Extra Forwards
Normal : Alan Quine, Jonny Brodzinski, Mason Marchment - PP : Alan Quine, Jonny Brodzinski - PK : Alan Quine
Extra Defensemen
Normal : Marcus Bjork, Vincent Desharnais, Filip Roos - PP : Marcus Bjork - PK : Marcus Bjork, Vincent Desharnais
Penalty Shots
Valeri Nichushkin, Joonas Donskoi, Conor Garland, Brett Seney, Alan Quine
Custom OT Lines Forwards
Valeri Nichushkin, Joonas Donskoi, Conor Garland, Brett Seney, Alan Quine, Jonny Brodzinski, Mason Marchment, Brett Howden, Alexandre Texier, Cristiano Digiacinto
Custom OT Lines Defensemen
Darren Dietz, Christian Wolanin, Jake Bean, Wyatt Kalynuk, Marcus Bjork
Scratches
Ilya Lyubushkin (Fractured Bone in Left Hand Injury), Reid Boucher (Healthy), Akira Schmid (Sore Right Knee Injury)
Bears
5 vs 5 Forward
Center Left Wing Right Wing Time % Phy DF OF
1 Sam Carrick Kerby Rychel Nicolas Aube-Kubel 35 0 0 5
2 Christian Dvorak A.J. Jenks Joshua Leivo 30 0 0 5
3 Vincent Dunn Cole Smith Austin Wuthrich 20 0 1 4
4 Adam Lowry Nikolay Prokhorkin Logan O'Connor 15 0 2 3
5 vs 5 Defense
Defense Defense Time % Phy DF OF
1 Gianluca Curcuruto Tommy Vannelli 40 0 2 3
2 Michael Prapavessis Emil Johansson 30 0 3 2
3 Jacob Bryson Jesper Pettersson 20 0 3 2
4 Tommy Vannelli Gianluca Curcuruto 10 0 3 2
PowerPlay Forward
Center Left Wing Right Wing Time % Phy DF OF
1 Sam Carrick Kerby Rychel Nicolas Aube-Kubel 60 0 0 5
2 Vincent Dunn A.J. Jenks Joshua Leivo 40 0 0 5
PowerPlay Defense
Defense Defense Time % Phy DF OF
1 Jacob Bryson Tommy Vannelli 60 0 2 3
2 Michael Prapavessis Gianluca Curcuruto 40 0 2 3
Penalty Kill 4 Players Forward
Center Wing Time % Phy DF OF
1 Sam Carrick Kerby Rychel 60 0 4 1
2 Nicolas Aube-Kubel Joshua Leivo 40 0 4 1
Penalty Kill 4 Players Defense
Defense Defense Time % Phy DF OF
1 Michael Prapavessis Tommy Vannelli 60 0 4 1
2 Emil Johansson Gianluca Curcuruto 40 0 4 1
Penalty Kill - 3 Players Forward
Forward Time % Phy DF OF
1 Sam Carrick 60 0 5 0
2 Nicolas Aube-Kubel 40 0 5 0
Penalty Kill - 3 Players Defense
Defense Defense Time % Phy DF OF
1 Tommy Vannelli Michael Prapavessis 60 0 5 0
2 Gianluca Curcuruto Emil Johansson 40 0 5 0
4 vs 4 Forward
Center Wing Time % Phy DF OF
1 Sam Carrick Kerby Rychel 60 0 0 5
2 Vincent Dunn Nicolas Aube-Kubel 40 0 0 5
4 vs 4 Defense
Defense Defense Time % Phy DF OF
1 Michael Prapavessis Tommy Vannelli 60 0 2 3
2 Emil Johansson Gianluca Curcuruto 40 0 3 2
Last Minutes Offensive
Center Left Wing Right Wing Defense Defense
Sam Carrick Kerby Rychel Nicolas Aube-Kubel Jacob Bryson Tommy Vannelli
Last Minutes Defensive
Center Left Wing Right Wing Defense Defense
Sam Carrick Kerby Rychel Nicolas Aube-Kubel Michael Prapavessis Tommy Vannelli
Goaltenders
Starting : Jake Allen
Backup : Artyom Zagidulin
Extra Forwards
Normal : Kerby Rychel, Nicolas Aube-Kubel, Sam Carrick - PP : Kerby Rychel, Nicolas Aube-Kubel - PK : Sam Carrick
Extra Defensemen
Normal : Tommy Vannelli, Gianluca Curcuruto, Michael Prapavessis - PP : Jacob Bryson - PK : Tommy Vannelli, Emil Johansson
Penalty Shots
Joshua Leivo, Nicolas Aube-Kubel, Kerby Rychel, A.J. Jenks, Christian Dvorak
Custom OT Lines Forwards
Kerby Rychel, Nicolas Aube-Kubel, Sam Carrick, Christian Dvorak, A.J. Jenks, Joshua Leivo, Nikolay Prokhorkin, Cole Smith, Logan O'Connor, Austin Wuthrich
Custom OT Lines Defensemen
Tommy Vannelli, Michael Prapavessis, Gianluca Curcuruto, Emil Johansson, Jacob Bryson
Scratches
Blake Speers (Healthy), Colby Cave (Healthy), David Farrance (Healthy), Mackenze Stewart (Healthy), Zack Hayes (Healthy)
Mario Ferraro (Healthy), Mikko Vainonen (Healthy), Will Reilly (Healthy), Kristians Rubins (Healthy), Ryan Graves (Healthy)
Isaac Ratcliffe (Healthy), Nicholas Caamano (Healthy), Jakob Stenqvist (Healthy), Arvid Henrikson (Healthy), Kirill Maksimov (Healthy)
% Time on Ice - Devils
Lines # - Real PCT - Wanted PCT - Time Play
Normal Forward
1 - 32% - 36% - 14:42
2 - 26% - 30% - 12:00
3 - 23% - 20% - 10:38
4 - 19% - 14% - 8:52
Normal Defense
1 - 36% - 40% - 16:51
2 - 33% - 30% - 15:01
3 - 26% - 20% - 12:00
4 - 5% - 10% - 2:20
PP Forward
1 - 60% - 60% - 1:49
2 - 40% - 40% - 1:12
PP Defense
1 - 62% - 60% - 1:52
2 - 38% - 40% - 1:09
PK Forward
1 - 72% - 60% - 7:45
2 - 28% - 40% - 3:02
PK Defense
1 - 60% - 60% - 6:27
2 - 40% - 40% - 4:20
PK3 Forward
1 - 0% - 60%
2 - 0% - 40%
PK3 Defense
1 - 0% - 60%
2 - 0% - 40%
44 Forward
1 - 0% - 60%
2 - 0% - 40%
44 Defense
1 - 0% - 60%
2 - 0% - 40%
Last Minute Offensive - 0:00
Last Minute Defensive - 0:00
Total
Forward - 60:00
Defense - 60:00
|
% Time on Ice - Bears
Lines # - Real PCT - Wanted PCT - Time Play
Normal Forward
1 - 30% - 35% - 14:00
2 - 26% - 30% - 12:07
3 - 22% - 20% - 9:58
4 - 22% - 15% - 10:07
Normal Defense
1 - 38% - 40% - 17:44
2 - 35% - 30% - 16:13
3 - 25% - 20% - 11:41
4 - 1% - 10% - 0:34
PP Forward
1 - 55% - 60% - 5:56
2 - 45% - 40% - 4:51
PP Defense
1 - 61% - 60% - 6:32
2 - 39% - 40% - 4:15
PK Forward
1 - 76% - 60% - 2:17
2 - 24% - 40% - 0:44
PK Defense
1 - 55% - 60% - 1:40
2 - 45% - 40% - 1:21
PK3 Forward
1 - 0% - 60%
2 - 0% - 40%
PK3 Defense
1 - 0% - 60%
2 - 0% - 40%
44 Forward
1 - 0% - 60%
2 - 0% - 40%
44 Defense
1 - 0% - 60%
2 - 0% - 40%
Last Minute Offensive - 0:00
Last Minute Defensive - 0:00
Total
Forward - 60:00
Defense - 60:00
|
Play-by-Play
1st period
0:01 of 1st period - Sam Carrick wins face-off versus Brett Seney in neutral zone.
0:08 of 1st period - Snap shot by Sam Carrick.
0:08 of 1st period - Shot Hit the Post.
0:45 of 1st period - Slapshot by Jonny Brodzinski.
0:45 of 1st period - Stopped by Jake Allen without a rebound.
0:46 of 1st period - Vincent Dunn wins face-off versus Brett Howden in Bears zone.
1:11 of 1st period - Nikolay Prokhorkin is hit by Vincent Desharnais and loses puck.
2:22 of 1st period - Snap shot by Austin Wuthrich.
2:22 of 1st period - Stopped by Jordan Binnington with a rebound.
2:36 of 1st period - Wrist shot by Nicolas Roy.
2:36 of 1st period - Shot Misses the Net.
2:38 of 1st period - Snap shot by Darren Dietz.
2:38 of 1st period - Shot Misses the Net.
3:02 of 1st period - Wrist shot by Joshua Leivo.
3:02 of 1st period - Goal by Joshua Leivo - Devils : 0 - Bears : 1.
3:03 of 1st period - Sam Carrick wins face-off versus Alan Quine in neutral zone.
3:24 of 1st period - Darren Dietz is hit by Nicolas Aube-Kubel.
3:44 of 1st period - Wrist shot by Joonas Donskoi.
3:44 of 1st period - Shot Misses the Net.
5:02 of 1st period - Snap shot by Kerby Rychel.
5:02 of 1st period - Stopped by Jordan Binnington without a rebound.
5:03 of 1st period - Christian Dvorak wins face-off versus Brett Howden in Devils zone.
5:07 of 1st period - Minor Penalty to Eeli Tolvanen for Hooking.
5:08 of 1st period - Sam Carrick wins face-off versus Brett Seney in Devils zone.
7:07 of 1st period - Penalty to Eeli Tolvanen is over, Eeli Tolvanen is back on ice.
7:39 of 1st period - Wrist shot by Brett Howden.
7:39 of 1st period - Stopped by Jake Allen with a rebound.
7:57 of 1st period - Wyatt Kalynuk is hit by Vincent Dunn and loses puck.
8:20 of 1st period - Snap shot by Jake Bean.
8:20 of 1st period - Shot Blocked by Joshua Leivo.
9:30 of 1st period - Wrist shot by Jonny Brodzinski.
9:30 of 1st period - Shot Blocked by Kerby Rychel.
9:36 of 1st period - Tommy Vannelli is hit by Darren Dietz and loses puck.
10:01 of 1st period - Sam Carrick is hit by Valeri Nichushkin and loses puck.
10:17 of 1st period - Conor Garland is hit by Gianluca Curcuruto and loses puck.
10:24 of 1st period - Snap shot by Nicolas Aube-Kubel.
10:24 of 1st period - Shot Blocked by Darren Dietz.
11:06 of 1st period - Darren Dietz is hit by Christian Dvorak and loses puck.
12:16 of 1st period - Nikolay Prokhorkin is hit by Valeri Nichushkin and loses puck.
12:23 of 1st period - Darren Dietz is hit by Adam Lowry and loses puck.
12:36 of 1st period - Wrist shot by Nikolay Prokhorkin.
12:36 of 1st period - Shot Blocked by Brett Seney.
12:38 of 1st period - Wrist shot by Adam Lowry.
12:38 of 1st period - Shot Misses the Net.
12:40 of 1st period - Snap shot by Nikolay Prokhorkin.
12:40 of 1st period - Shot Misses the Net.
12:52 of 1st period - Snap shot by Valeri Nichushkin.
12:52 of 1st period - Stopped by Jake Allen with a rebound.
12:57 of 1st period - Snap shot by Brett Seney.
12:57 of 1st period - Shot Misses the Net.
12:59 of 1st period - Snap shot by Valeri Nichushkin.
12:59 of 1st period - Stopped by Jake Allen with a rebound.
13:09 of 1st period - Slapshot by Brett Seney.
13:09 of 1st period - Deflect By Joonas Donskoi.
13:09 of 1st period - Shot Misses the Net.
13:09 of 1st period - Puck is out of play.
13:10 of 1st period - Vincent Dunn wins face-off versus Alan Quine in Bears zone.
13:25 of 1st period - Wyatt Kalynuk is hit by Austin Wuthrich and loses puck.
13:38 of 1st period - A.J. Jenks is hit by Eeli Tolvanen and loses puck.
14:10 of 1st period - Marcus Bjork is hit by Christian Dvorak and loses puck.
14:23 of 1st period - Wyatt Kalynuk is hit by Kerby Rychel.
15:21 of 1st period - Kerby Rychel is hit by Jonny Brodzinski and loses puck.
15:34 of 1st period - Darren Dietz is hit by Gianluca Curcuruto and loses puck.
15:53 of 1st period - Minor Penalty to Vincent Desharnais for Holding Stick.
15:54 of 1st period - Sam Carrick wins face-off versus Brett Seney in Devils zone.
16:03 of 1st period - Snap shot by Kerby Rychel.
16:03 of 1st period - Shot Misses the Net.
16:13 of 1st period - Brett Seney is hit by Vincent Dunn and loses puck.
17:53 of 1st period - Penalty to Vincent Desharnais is over, Vincent Desharnais is back on ice.
18:03 of 1st period - Icing by Michael Prapavessis.
18:04 of 1st period - Adam Lowry wins face-off versus Brett Howden in Bears zone.
18:04 of 1st period - Adam Lowry is hit by Vincent Desharnais.
18:30 of 1st period - Gianluca Curcuruto is hit by Marcus Bjork and loses puck.
18:39 of 1st period - Slapshot by Darren Dietz.
18:39 of 1st period - Stopped by Jake Allen without a rebound.
18:40 of 1st period - Nicolas Roy wins face-off versus Sam Carrick in Bears zone.
18:49 of 1st period - Wrist shot by Nicolas Aube-Kubel.
18:49 of 1st period - Shot Misses the Net.
18:51 of 1st period - Backhand shot by Nicolas Aube-Kubel.
18:51 of 1st period - Shot Misses the Net.
18:53 of 1st period - Snap shot by Nicolas Aube-Kubel.
18:53 of 1st period - Stopped by Jordan Binnington with a rebound.
18:55 of 1st period - Snap shot by Jacob Bryson.
18:55 of 1st period - Deflect By Darren Dietz.
18:55 of 1st period - Stopped by Jordan Binnington with a rebound.
19:12 of 1st period - Wrist shot by Christian Dvorak.
19:12 of 1st period - Stopped by Jordan Binnington with a rebound.
19:14 of 1st period - Slapshot by Jesper Pettersson.
19:14 of 1st period - Stopped by Jordan Binnington without a rebound.
19:15 of 1st period - Brett Seney wins face-off versus Sam Carrick in Devils zone.
19:24 of 1st period - Snap shot by Valeri Nichushkin.
19:24 of 1st period - Goal by Valeri Nichushkin - Devils : 1 - Bears : 1.
19:25 of 1st period - Christian Dvorak wins face-off versus Brett Seney in neutral zone.
19:30 of 1st period - A.J. Jenks is hit by Joonas Donskoi and loses puck.
Goals for this period are 1 for Devils vs 1 for Bears.
Shots for this period are 6 for Devils vs 7 for Bears.
2nd period
0:01 of 2nd period - Kerby Rychel wins face-off versus Alan Quine in neutral zone.
0:16 of 2nd period - Snap shot by Sam Carrick.
0:16 of 2nd period - Shot Blocked by Christian Wolanin.
0:26 of 2nd period - Joshua Leivo is hit by Darren Dietz and loses puck.
0:37 of 2nd period - Snap shot by Valeri Nichushkin.
0:37 of 2nd period - Stopped by Jake Allen with a rebound.
0:58 of 2nd period - Snap shot by Vincent Dunn.
0:58 of 2nd period - Shot Misses the Net.
1:00 of 2nd period - Slapshot by Michael Prapavessis.
1:00 of 2nd period - Shot Blocked by Wyatt Kalynuk.
1:21 of 2nd period - Slapshot by Christian Wolanin.
1:21 of 2nd period - Shot Misses the Net.
1:39 of 2nd period - Slapshot by Kerby Rychel.
1:39 of 2nd period - Shot Hit the Post.
1:45 of 2nd period - Sam Carrick is hit by Conor Garland and loses puck.
1:58 of 2nd period - Wrist shot by Brett Seney.
1:58 of 2nd period - Stopped by Jake Allen with a rebound.
2:00 of 2nd period - Snap shot by Brett Seney.
2:00 of 2nd period - Shot Misses the Net.
2:53 of 2nd period - Icing by Tommy Vannelli.
2:54 of 2nd period - Adam Lowry wins face-off versus Nicolas Roy in Bears zone.
3:08 of 2nd period - Snap shot by Nikolay Prokhorkin.
3:08 of 2nd period - Stopped by Jordan Binnington with a rebound.
3:10 of 2nd period - Wrist shot by Logan O'Connor.
3:10 of 2nd period - Shot Misses the Net.
3:20 of 2nd period - Snap shot by Nicolas Roy.
3:20 of 2nd period - Stopped by Jake Allen with a rebound.
3:28 of 2nd period - Snap shot by Joshua Leivo.
3:28 of 2nd period - Stopped by Jordan Binnington without a rebound.
3:29 of 2nd period - Sam Carrick wins face-off versus Brett Seney in Devils zone.
3:34 of 2nd period - Backhand shot by Kerby Rychel.
3:34 of 2nd period - Deflect By Nicolas Aube-Kubel.
3:34 of 2nd period - Stopped by Jordan Binnington without a rebound.
3:35 of 2nd period - Sam Carrick wins face-off versus Brett Seney in Devils zone.
3:46 of 2nd period - Wrist shot by Kerby Rychel.
3:46 of 2nd period - Deflect By Nicolas Aube-Kubel.
3:46 of 2nd period - Shot Misses the Net.
3:46 of 2nd period - Puck is out of play.
3:47 of 2nd period - Alan Quine wins face-off versus Christian Dvorak in Devils zone.
5:01 of 2nd period - Slapshot by Conor Garland.
5:01 of 2nd period - Shot Misses the Net.
5:03 of 2nd period - Slapshot by Jake Bean.
5:03 of 2nd period - Shot Blocked by Austin Wuthrich.
5:05 of 2nd period - Wrist shot by Alan Quine.
5:05 of 2nd period - Stopped by Jake Allen with a rebound.
5:17 of 2nd period - Snap shot by Alexandre Texier.
5:17 of 2nd period - Shot Blocked by Adam Lowry.
5:19 of 2nd period - Snap shot by Nicolas Roy.
5:19 of 2nd period - Stopped by Jake Allen without a rebound.
5:20 of 2nd period - Nicolas Roy wins face-off versus Adam Lowry in Bears zone.
5:39 of 2nd period - Snap shot by Alexandre Texier.
5:39 of 2nd period - Goal by Alexandre Texier - Devils : 2 - Bears : 1.
5:40 of 2nd period - Sam Carrick wins face-off versus Brett Seney in neutral zone.
6:50 of 2nd period - Slapshot by Austin Wuthrich.
6:50 of 2nd period - Shot Misses the Net.
6:52 of 2nd period - Slapshot by Cole Smith.
6:52 of 2nd period - Stopped by Jordan Binnington with a rebound.
6:54 of 2nd period - Snap shot by Vincent Dunn.
6:54 of 2nd period - Stopped by Jordan Binnington with a rebound.
7:12 of 2nd period - Slapshot by A.J. Jenks.
7:12 of 2nd period - Stopped by Jordan Binnington with a rebound.
7:54 of 2nd period - Slapshot by Adam Lowry.
7:54 of 2nd period - Shot Misses the Net.
7:56 of 2nd period - Slapshot by Michael Prapavessis.
7:56 of 2nd period - Stopped by Jordan Binnington with a rebound.
7:58 of 2nd period - Slapshot by Emil Johansson.
7:58 of 2nd period - Deflect By Nikolay Prokhorkin.
7:58 of 2nd period - Shot Hit the Post.
7:58 of 2nd period - Puck is out of play.
7:59 of 2nd period - Alan Quine wins face-off versus Adam Lowry in Devils zone.
8:03 of 2nd period - Minor Penalty to Darren Dietz for Hooking.
8:04 of 2nd period - Brett Seney wins face-off versus Nicolas Aube-Kubel in Devils zone.
8:14 of 2nd period - Slapshot by Kerby Rychel.
8:14 of 2nd period - Shot Blocked by Christian Wolanin.
8:18 of 2nd period - Snap shot by Kerby Rychel.
8:18 of 2nd period - Shot Misses the Net.
8:20 of 2nd period - Snap shot by Sam Carrick.
8:20 of 2nd period - Stopped by Jordan Binnington with a rebound.
10:03 of 2nd period - Penalty to Darren Dietz is over, Darren Dietz is back on ice.
10:10 of 2nd period - Slapshot by Brett Howden.
10:10 of 2nd period - Shot Blocked by Michael Prapavessis.
10:18 of 2nd period - Eeli Tolvanen is hit by Adam Lowry and loses puck.
10:29 of 2nd period - Vincent Dunn is hit by Cristiano Digiacinto and loses puck.
11:05 of 2nd period - Slapshot by Adam Lowry.
11:05 of 2nd period - Stopped by Jordan Binnington without a rebound.
11:06 of 2nd period - Nicolas Roy wins face-off versus Austin Wuthrich in Devils zone.
11:17 of 2nd period - Slapshot by Darren Dietz.
11:17 of 2nd period - Stopped by Jake Allen without a rebound.
11:18 of 2nd period - Christian Dvorak wins face-off versus Brett Seney in Bears zone.
11:23 of 2nd period - Wrist shot by Gianluca Curcuruto.
11:23 of 2nd period - Stopped by Jordan Binnington without a rebound.
11:24 of 2nd period - Christian Dvorak wins face-off versus Brett Seney in Devils zone.
11:25 of 2nd period - Snap shot by A.J. Jenks.
11:25 of 2nd period - Stopped by Jordan Binnington with a rebound.
11:27 of 2nd period - Wrist shot by A.J. Jenks.
11:27 of 2nd period - Deflect By Christian Dvorak.
11:27 of 2nd period - Shot Misses the Net.
11:27 of 2nd period - Puck is out of play.
11:28 of 2nd period - Christian Dvorak wins face-off versus Brett Seney in Devils zone.
11:29 of 2nd period - Snap shot by Joshua Leivo.
11:29 of 2nd period - Shot Blocked by Darren Dietz.
11:31 of 2nd period - Snap shot by Christian Dvorak.
11:31 of 2nd period - Stopped by Jordan Binnington with a rebound.
11:33 of 2nd period - Snap shot by Tommy Vannelli.
11:33 of 2nd period - Stopped by Jordan Binnington with a rebound.
11:41 of 2nd period - Slapshot by Darren Dietz.
11:41 of 2nd period - Shot Blocked by Tommy Vannelli.
12:05 of 2nd period - Slapshot by Valeri Nichushkin.
12:05 of 2nd period - Stopped by Jake Allen without a rebound.
12:06 of 2nd period - Kerby Rychel wins face-off versus Alan Quine in Bears zone.
12:19 of 2nd period - Slapshot by Nicolas Aube-Kubel.
12:19 of 2nd period - Shot Blocked by Alan Quine.
12:50 of 2nd period - Icing by Marcus Bjork.
12:51 of 2nd period - Adam Lowry wins face-off versus Brett Howden in Devils zone.
13:24 of 2nd period - Slapshot by Joonas Donskoi.
13:24 of 2nd period - Stopped by Jake Allen with a rebound.
13:44 of 2nd period - Snap shot by Austin Wuthrich.
13:44 of 2nd period - Goal by Austin Wuthrich - Devils : 2 - Bears : 2.
13:45 of 2nd period - Sam Carrick wins face-off versus Brett Seney in neutral zone.
13:54 of 2nd period - Wrist shot by Nicolas Aube-Kubel.
13:54 of 2nd period - Goal by Nicolas Aube-Kubel - Devils : 2 - Bears : 3.
13:55 of 2nd period - Brett Seney wins face-off versus Sam Carrick in neutral zone.
14:28 of 2nd period - Slapshot by A.J. Jenks.
14:28 of 2nd period - Stopped by Jordan Binnington with a rebound.
14:30 of 2nd period - Snap shot by Christian Dvorak.
14:30 of 2nd period - Shot Misses the Net.
14:50 of 2nd period - Snap shot by Cole Smith.
14:50 of 2nd period - Stopped by Jordan Binnington without a rebound.
14:51 of 2nd period - Brett Seney wins face-off versus Sam Carrick in Devils zone.
15:07 of 2nd period - Minor Penalty to Nicolas Aube-Kubel for Goalie Interference.
15:08 of 2nd period - Brett Seney wins face-off versus Sam Carrick in Bears zone.
15:10 of 2nd period - Snap shot by Joonas Donskoi.
15:10 of 2nd period - Stopped by Jake Allen with a rebound.
15:12 of 2nd period - Snap shot by Valeri Nichushkin.
15:12 of 2nd period - Shot Misses the Net.
15:14 of 2nd period - Snap shot by Darren Dietz.
15:14 of 2nd period - Stopped by Jake Allen without a rebound.
15:15 of 2nd period - Brett Seney wins face-off versus Sam Carrick in Bears zone.
15:16 of 2nd period - Snap shot by Joonas Donskoi.
15:16 of 2nd period - Shot Misses the Net.
15:18 of 2nd period - Snap shot by Brett Seney.
15:18 of 2nd period - Stopped by Jake Allen with a rebound.
16:01 of 2nd period - Icing by Wyatt Kalynuk.
16:02 of 2nd period - Valeri Nichushkin wins face-off versus Adam Lowry in Devils zone.
16:09 of 2nd period - Slapshot by Brett Seney.
16:09 of 2nd period - Goal by Brett Seney - Devils : 3 - Bears : 3.
16:10 of 2nd period - Alan Quine wins face-off versus Nicolas Aube-Kubel in neutral zone.
16:42 of 2nd period - Valeri Nichushkin is hit by A.J. Jenks and loses puck.
16:59 of 2nd period - Michael Prapavessis is hit by Jonny Brodzinski and loses puck.
17:55 of 2nd period - Wrist shot by A.J. Jenks.
17:55 of 2nd period - Shot Blocked by Joonas Donskoi.
17:57 of 2nd period - Wrist shot by Joshua Leivo.
17:57 of 2nd period - Shot Misses the Net.
17:59 of 2nd period - Snap shot by Joshua Leivo.
17:59 of 2nd period - Shot Misses the Net.
18:05 of 2nd period - Snap shot by Joshua Leivo.
18:05 of 2nd period - Shot Blocked by Vincent Desharnais.
18:24 of 2nd period - Snap shot by Austin Wuthrich.
18:24 of 2nd period - Shot Misses the Net.
18:39 of 2nd period - Off-side.
18:40 of 2nd period - Sam Carrick wins face-off versus Brett Seney in neutral zone.
18:55 of 2nd period - Slapshot by Sam Carrick.
18:55 of 2nd period - Goal by Sam Carrick - Devils : 3 - Bears : 4.
18:56 of 2nd period - Sam Carrick wins face-off versus Alan Quine in neutral zone.
19:14 of 2nd period - Minor Penalty to Conor Garland for Roughing.
19:15 of 2nd period - Sam Carrick wins face-off versus Brett Seney in Devils zone.
19:49 of 2nd period - Snap shot by A.J. Jenks.
19:49 of 2nd period - Stopped by Jordan Binnington without a rebound.
19:50 of 2nd period - Alan Quine wins face-off versus Vincent Dunn in Devils zone.
Goals for this period are 2 for Devils vs 3 for Bears.
Shots for this period are 13 for Devils vs 19 for Bears.
3rd period
0:01 of 3rd period - Sam Carrick wins face-off versus Brett Seney in neutral zone.
0:14 of 3rd period - Wrist shot by Brett Seney.
0:14 of 3rd period - Stopped by Jake Allen with a rebound.
1:14 of 3rd period - Penalty to Conor Garland is over, Conor Garland is back on ice.
1:43 of 3rd period - Icing by Michael Prapavessis.
1:44 of 3rd period - Adam Lowry wins face-off versus Nicolas Roy in Bears zone.
1:55 of 3rd period - Wrist shot by Gianluca Curcuruto.
1:55 of 3rd period - Stopped by Jordan Binnington with a rebound.
1:57 of 3rd period - Slapshot by Michael Prapavessis.
1:57 of 3rd period - Stopped by Jordan Binnington without a rebound.
1:58 of 3rd period - Sam Carrick wins face-off versus Brett Seney in Devils zone.
1:59 of 3rd period - Wrist shot by Kerby Rychel.
1:59 of 3rd period - Shot Blocked by Darren Dietz.
2:12 of 3rd period - Snap shot by Jesper Pettersson.
2:12 of 3rd period - Stopped by Jordan Binnington with a rebound.
3:17 of 3rd period - Snap shot by Alexandre Texier.
3:17 of 3rd period - Shot Misses the Net.
3:19 of 3rd period - Snap shot by Alexandre Texier.
3:19 of 3rd period - Stopped by Jake Allen with a rebound.
4:41 of 3rd period - Christian Wolanin is hit by Vincent Dunn and loses puck.
4:58 of 3rd period - Snap shot by Darren Dietz.
4:58 of 3rd period - Stopped by Jake Allen without a rebound.
4:59 of 3rd period - Brett Seney wins face-off versus Adam Lowry in Bears zone.
5:44 of 3rd period - Snap shot by Logan O'Connor.
5:44 of 3rd period - Shot Misses the Net.
5:46 of 3rd period - Slapshot by Tommy Vannelli.
5:46 of 3rd period - Deflect By Logan O'Connor.
5:46 of 3rd period - Stopped by Jordan Binnington with a rebound.
5:48 of 3rd period - Slapshot by Logan O'Connor.
5:48 of 3rd period - Shot Blocked by Marcus Bjork.
5:50 of 3rd period - Slapshot by Tommy Vannelli.
5:50 of 3rd period - Shot Blocked by Joonas Donskoi.
5:52 of 3rd period - Snap shot by Tommy Vannelli.
5:52 of 3rd period - Stopped by Jordan Binnington without a rebound.
5:53 of 3rd period - Alan Quine wins face-off versus Sam Carrick in Devils zone.
6:03 of 3rd period - Minor Penalty to Darren Dietz for Holding Stick.
6:04 of 3rd period - Sam Carrick wins face-off versus Brett Seney in Devils zone.
6:04 of 3rd period - Snap shot by Kerby Rychel.
6:04 of 3rd period - Stopped by Jordan Binnington without a rebound.
6:05 of 3rd period - Sam Carrick wins face-off versus Brett Seney in Devils zone.
6:06 of 3rd period - Snap shot by Kerby Rychel.
6:06 of 3rd period - Goal by Kerby Rychel - Devils : 3 - Bears : 5.
6:07 of 3rd period - Sam Carrick wins face-off versus Alan Quine in neutral zone.
6:12 of 3rd period - Wrist shot by Nicolas Aube-Kubel.
6:12 of 3rd period - Shot Misses the Net.
6:14 of 3rd period - Slapshot by Tommy Vannelli.
6:14 of 3rd period - Shot Blocked by Christian Wolanin.
6:34 of 3rd period - Joshua Leivo is hit by Valeri Nichushkin.
7:22 of 3rd period - Slapshot by Nicolas Roy.
7:22 of 3rd period - Stopped by Jake Allen with a rebound.
7:54 of 3rd period - Snap shot by Joonas Donskoi.
7:54 of 3rd period - Shot Misses the Net.
7:56 of 3rd period - Minor Penalty to Gianluca Curcuruto for Unsportsmanlike conduct.
7:57 of 3rd period - Sam Carrick wins face-off versus Brett Seney in Bears zone.
8:12 of 3rd period - Snap shot by Brett Seney.
8:12 of 3rd period - Shot Misses the Net.
9:56 of 3rd period - Penalty to Gianluca Curcuruto is over, Gianluca Curcuruto is back on ice.
10:23 of 3rd period - Slapshot by Nicolas Roy.
10:23 of 3rd period - Shot Blocked by Michael Prapavessis.
10:29 of 3rd period - Alexandre Texier is hit by Austin Wuthrich and loses puck.
10:59 of 3rd period - Alexandre Texier is hit by Vincent Dunn and loses puck.
11:06 of 3rd period - Wrist shot by Cole Smith.
11:06 of 3rd period - Goal by Cole Smith - Devils : 3 - Bears : 6.
11:07 of 3rd period - Sam Carrick wins face-off versus Brett Seney in neutral zone.
11:56 of 3rd period - Icing by Jesper Pettersson.
11:57 of 3rd period - Brett Howden wins face-off versus Adam Lowry in Bears zone.
12:26 of 3rd period - Snap shot by Kerby Rychel.
12:26 of 3rd period - Shot Misses the Net.
12:32 of 3rd period - Wrist shot by Joonas Donskoi.
12:32 of 3rd period - Stopped by Jake Allen without a rebound.
12:33 of 3rd period - Alan Quine wins face-off versus Joshua Leivo in Bears zone.
12:34 of 3rd period - Wrist shot by Conor Garland.
12:34 of 3rd period - Shot Misses the Net.
13:10 of 3rd period - Snap shot by Joonas Donskoi.
13:10 of 3rd period - Shot Misses the Net.
13:12 of 3rd period - Wrist shot by Brett Seney.
13:12 of 3rd period - Stopped by Jake Allen without a rebound.
13:13 of 3rd period - Vincent Dunn wins face-off versus Brett Howden in Bears zone.
14:11 of 3rd period - Minor Penalty to Alan Quine for Interference.
14:12 of 3rd period - Brett Seney wins face-off versus Sam Carrick in Devils zone.
16:11 of 3rd period - Penalty to Alan Quine is over, Alan Quine is back on ice.
16:34 of 3rd period - Wrist shot by Jonny Brodzinski.
16:34 of 3rd period - Stopped by Jake Allen without a rebound.
16:35 of 3rd period - Adam Lowry wins face-off versus Brett Howden in Bears zone.
16:35 of 3rd period - Adam Lowry is hit by Eeli Tolvanen.
16:41 of 3rd period - Wrist shot by Logan O'Connor.
16:41 of 3rd period - Stopped by Jordan Binnington with a rebound.
16:43 of 3rd period - Wrist shot by Nikolay Prokhorkin.
16:43 of 3rd period - Shot Misses the Net.
16:49 of 3rd period - Snap shot by Adam Lowry.
16:49 of 3rd period - Stopped by Jordan Binnington without a rebound.
16:50 of 3rd period - Brett Seney wins face-off versus Adam Lowry in Devils zone.
17:06 of 3rd period - Jacob Bryson is hit by Brett Seney and loses puck.
17:27 of 3rd period - Kerby Rychel is hit by Jake Bean and loses puck.
17:44 of 3rd period - Snap shot by Jake Bean.
17:44 of 3rd period - Shot Misses the Net.
17:46 of 3rd period - Slapshot by Jake Bean.
17:46 of 3rd period - Stopped by Jake Allen with a rebound.
17:56 of 3rd period - Snap shot by Brett Howden.
17:56 of 3rd period - Stopped by Jake Allen without a rebound.
17:57 of 3rd period - Vincent Dunn wins face-off versus Brett Seney in Bears zone.
18:22 of 3rd period - Snap shot by Nicolas Aube-Kubel.
18:22 of 3rd period - Stopped by Jordan Binnington with a rebound.
18:24 of 3rd period - Slapshot by Michael Prapavessis.
18:24 of 3rd period - Stopped by Jordan Binnington with a rebound.
18:26 of 3rd period - Snap shot by Sam Carrick.
18:26 of 3rd period - Shot Misses the Net.
18:28 of 3rd period - Snap shot by Kerby Rychel.
18:28 of 3rd period - Shot Blocked by Christian Wolanin.
18:30 of 3rd period - Slapshot by Emil Johansson.
18:30 of 3rd period - Stopped by Jordan Binnington without a rebound.
18:31 of 3rd period - Alan Quine wins face-off versus Christian Dvorak in Devils zone.
19:10 of 3rd period - Minor Penalty to Joonas Donskoi for Roughing.
19:11 of 3rd period - Sam Carrick wins face-off versus Brett Seney in Devils zone.
19:37 of 3rd period - Darren Dietz is hit by Vincent Dunn and loses puck.
Goals for this period are 0 for Devils vs 2 for Bears.
Shots for this period are 9 for Devils vs 13 for Bears.